 Dungeon Crawl Stone Soup version 0.25.1-2-g60ff931df9 (webtiles) character file.

Game seed: 3203551314918598920

12000 Impeuri the Carver (level 11, 0/89 HPs)
             Began as a Demonspawn Fighter on Aug 23, 2020.
             Was an Elder of Yredelemnul.
             Slain by a hell beast (8 damage)
             ... in a Gauntlet.
             The game lasted 00:23:05 (11300 turns).

Impeuri the Carver (Demonspawn Fighter)            Turns: 11300, Time: 00:23:06

Health: 0/89       AC: 22    Str: 19    XL:     11   Next: 56%
Magic:  18/18      EV:  7    Int: 10    God:    Yredelemnul [****..]
Gold:   478        SH:  9    Dex: 13    Spells: 10/10 levels left

rFire    . . .     SeeInvis .   a - +1 long sword
rCold    . . .     Gourm    .   c - +0 kite shield
rNeg     . . .     Faith    .   L - +0 plate armour
rPois    .         Spirit   .   o - +0 helmet
rElec    .         Reflect  .   l - +0 cloak
rCorr    .         Harm     .   (no gloves)
MR       .....     NoTele   +   v - +2 pair of boots
Stlth    ..........             P - amulet of regeneration
HPRegen  0.64/turn              p - +4 ring of evasion
MPRegen  0.16/turn              (no ring)

@: no status effects
A: claws 1, icy blue scales 2, demonic guardian 2, spiny 2
a: Recall Undead Slaves, Injury Mirror, Animate Dead, Drain Life, Renounce
Religion


You were in a Gauntlet.
You worshipped Yredelemnul.
Yredelemnul was greatly pleased with you.
You were near starving.

You visited 2 branches of the dungeon, and saw 12 of its levels.
You also visited: Sewer and Gauntlet.

You collected 478 gold pieces.

Inventory:

Hand Weapons
 a - a +1 long sword (weapon)
Missiles
 e - 5 javelins (quivered)
 i - 2 throwing nets
Armour
 c - a +0 kite shield (worn)
 l - a +0 cloak (worn)
 o - a +0 helmet (worn)
 v - a +2 pair of boots (worn)
 F - the +0 helmet of Patterns {rN+ Dex+4, unknown}
   (You found it in a Gauntlet)

   It affects your dexterity (+4).
   It protects you from negative energy.
 L - a +0 plate armour (worn)
Jewellery
 p - a +4 ring of evasion (left claw)
 y - a +6 ring of intelligence {unknown}
 C - the ring of Acaduuth {+Inv rC+ rN+ Int+6 Dex-5}
   (You found it on level 4 of the Dungeon)

   [ring of intelligence]

   It affects your intelligence (+6).
   It affects your dexterity (-5).
   It protects you from cold.
   It protects you from negative energy.
   It lets you turn invisible.
 P - an amulet of regeneration (around neck)
Wands
 b - a wand of iceblast (2)
 r - a wand of paralysis (18)
 H - a wand of acid (8)
 K - a wand of random effects (11)
Scrolls
 h - 7 scrolls of teleportation
 j - 3 scrolls of blinking
 m - 3 scrolls of remove curse
 q - a scroll of enchant armour
 t - 3 scrolls of enchant weapon
 G - 2 scrolls of identify
Potions
 d - 3 potions of might
 g - 4 potions of cancellation
 k - 4 potions of curing {unknown}
 n - a potion of ambrosia {unknown}
 s - 3 potions of heal wounds {unknown}
 u - 3 potions of lignification {unknown}
 w - 3 potions of brilliance {unknown}
 x - 2 potions of stabbing {unknown}
 z - 3 potions of flight
 A - 2 potions of mutation {unknown}
 B - a potion of degeneration {unknown}
 D - 3 potions of resistance {unknown}
 E - 3 potions of haste {unknown}
 N - a potion of berserk rage {unknown}
Comestibles
 f - 19 rations


   Skills:
 + Level 9.2 Fighting
 * Level 11.1 Long Blades
 + Level 8.4 Armour
 - Level 2.6 Shields
 + Level 9.5 Invocations


You had 10 spell levels left.
You didn't know any spells.
Your spell library contained the following spells:

 Spells                   Type           Power        Failure   Level  Hunger
 Animate Skeleton         Necr           N/A          100%        1    ##.....
 Pain                     Necr           #...         100%        1    ##.....
 Shock                    Conj/Air       #...         100%        1    ##.....
 Summon Butterflies       Summ           #.......     100%        1    ##.....
 Summon Small Mammal      Summ           #...         100%        1    ##.....
 Call Imp                 Summ           #.......     100%        2    ###....
 Swiftness                Chrm/Air       #.......     100%        2    ###....
 Call Canine Familiar     Summ           #.......     100%        3    ####...
 Static Discharge         Conj/Air       #.......     100%        3    ####...
 Summon Guardian Golem    Hex/Summ       #.......     100%        3    ####...
 Vampiric Draining        Necr           #.........   100%        3    ####...
 Airstrike                Air            #.........   100%        4    #####..
 Animate Dead             Necr           N/A          100%        4    #####..
 Summon Ice Beast         Ice/Summ       #.......     100%        4    #####..
 Summon Lightning Spire   Summ/Air       #.......     100%        4    #####..
 Agony                    Necr           #.......     100%        5    ######.
 Lightning Bolt           Conj/Air       #.........   100%        5    ######.
 Summon Mana Viper        Hex/Summ       #.......     100%        5    ######.
 Summon Hydra             Summ           #.........   100%        7    #######


Dungeon Overview and Level Annotations

Branches:
Dungeon (11/15)            Temple (1/1) D:4            Lair (0/6) D:9
  Sewer (visited)         Gauntlet (1/1)
    Orc: D:9-12

Altars:
Cheibriados
Elyvilon
Gozag
Kikubaaqudgha
Nemelex Xobeh
Okawaru
Qazlal
Ru
Yredelemnul
Zin
The Shining One

Shops:
D:11 =

Annotations:
Gauntlet 13 transporters, exclusions: obsidian statue and orange crystal statue


Innate Abilities, Weirdness & Mutations

You have sharp fingernails.
You are mostly covered in icy blue scales. (AC +3)
A demonic guardian rushes to your aid.
You are mostly covered in sharp spines.


Message History

* * * LOW HITPOINT WARNING * * *
The hell beast completely misses you.
Unknown command.
You miss the hell beast.
The hell beast is almost dead.
The hell beast is struck by your spines.
The hell beast bites you.
* * * LOW HITPOINT WARNING * * *
The hell beast tramples you but does no damage.
Unknown command.
It was a potion of cancellation.
Your magical effects are unravelling.
You feel magically purged.
You feel a little less mighty now.
The hell beast is struck by your spines.
The hell beast bites you!
* * * LOW HITPOINT WARNING * * *
You block the hell beast's attack. x2; The hell beast tramples you!
You die...
Your body rises from the dead as a mindless zombie.

b#.#...#.#...#.#.........#.#.....
b#.#..#...#..#.#.##...##^#.#.....
b#.#.##...##.#.#.#.###.#.#.#.####
.#.##..#.#..##.#.^##.##^.#.##.#.#
§#.#....©....#.#..§.©....#.#....©
§#.##..#.#..##.#.(##h##^.#.#.#.#.
.#.#.#######.#.#.#.###.#.#.#.####
.#.#..#.8.#..#.#.##...##^#.#....8
$#.#..:.©![..#.#@2h§©|...#.#..[!©
##.###########.###########.######
.................................
.≈∩≈.............................
#################################
..........§##8# #8# #8# #8# #8# #
.©.©.©.©..8#### ### ### ### ### #
..........≈# ##.##.##.###


You could see a hell beast and a hell hound.

Vanquished Creatures
  A hydra (D:10)
  2 unseen horrors
  An unseen horror (shapeshifter) (Gauntlet)
  A cyclops (D:9)
  A kobold demonologist (D:9)
  A komodo dragon (D:9)
  A hippogriff (D:8)
  A wyvern (D:8)
  10 yaks
  A human (D:7)
  A hungry ghost (D:8)
  Edmund (D:4)
  2 acid dragons (Gauntlet)
  3 ice beasts
  An orc warrior (D:10)
  A necrophage (D:8)
  2 sky beasts (D:10)
  An eye of draining (D:9)
  2 ogres (D:10)
  3 centaurs
  A crocodile (D:10)
  3 big kobolds
  5 bullfrogs
  3 scorpions
  4 wights (D:10)
  5 killer bees
  2 howler monkeys
  3 crimson imps
  An orc priest (D:3)
  2 bullfrog skeletons
  A hound (D:5)
  3 jellies
  Crazy Yiuf (D:4)
  A quasit (D:10)
  6 orc wizards
  5 iguanas
  6 worker ants
  A killer bee zombie (D:4)
  2 hound skeletons
  A worker ant zombie (D:5)
  8 gnolls
  13 adders
  2 shadow imps
  7 oozes
  6 worms
  6 leopard geckos
  36 orcs
  9 giant cockroaches
  4 goblins
  4 hobgoblins
  8 jackals
  4 quokkas
  17 bats
  6 frilled lizards
  5 kobolds
  6 rats
  A plant (D:9)
235 creatures vanquished.

Vanquished Creatures (collateral kills)
  A two-headed ogre (D:9)
  An unseen horror (D:10)
  An orb spider (shapeshifter) (Gauntlet)
  An oklob plant (Gauntlet)
  A hippogriff (D:8)
  Sigmund (D:4)
  4 yaks
  4 hogs (D:7)
  A hell hound (Gauntlet)
  An ice beast (D:10)
  An ogre (D:9)
  3 phantoms
  5 big kobolds (D:9)
  2 bullfrogs
  A gnoll sergeant (D:5)
  2 scorpions
  5 killer bees
  A howler monkey (D:9)
  A centaur zombie (D:9)
  6 crimson imps
  A hound (D:10)
  A jelly (D:9)
  An orc priest (D:4)
  A bullfrog skeleton (D:9)
  4 orc wizards
  2 gnolls (D:5)
  An adder (D:10)
  A shadow imp (D:5)
  An adder skeleton (D:4)
  A leopard gecko (D:10)
  6 orcs
  A hobgoblin (D:3)
  A quokka (D:10)
  5 kobolds
  7 plants (D:9)
77 creatures vanquished.

Vanquished Creatures (others)
  3 flying skulls (D:10)
  A centaur zombie (D:10)
  A howler monkey zombie (D:9)
  6 orc zombies (D:10)
11 creatures vanquished.

Grand Total: 323 creatures vanquished

Notes
Turn   | Place    | Note
-------+----------+-------------------------------------------
     0 | D:1      | Impeuri the Demonspawn Fighter began the quest for the Orb.
     0 | D:1      | Reached XP level 1. HP: 18/18 MP: 1/1
   178 | D:1      | Reached skill level 2 in Long Blades
   483 | D:1      | Gained mutation: A weak demonic guardian rushes to your
                  | aid. [demonic ancestry]
   483 | D:1      | Reached XP level 2. HP: 24/24 MP: 2/2
  1053 | D:2      | Reached XP level 3. HP: 29/29 MP: 3/3
  1935 | D:2      | Reached skill level 3 in Long Blades
  1935 | D:2      | Gained mutation: You are partially covered in sharp spines.
                  | [demonic ancestry]
  1935 | D:2      | Reached XP level 4. HP: 36/36 MP: 2/4
  2443 | D:3      | Gained mutation: You are mostly covered in sharp spines.
                  | [demonic ancestry]
  2443 | D:3      | Reached XP level 5. HP: 32/42 MP: 3/5
  2449 | D:3      | Found a glowing drain.
  2454 | Sewer    | Entered a sewer
  3181 | D:3      | Reached skill level 4 in Long Blades
  3822 | D:4      | Gained mutation: A demonic guardian rushes to your aid.
                  | [demonic ancestry]
  3822 | D:4      | Reached XP level 6. HP: 35/48 MP: 2/6
  3856 | D:4      | Got a scintillating wooden ring
  3857 | D:4      | Identified the ring of Acaduuth {+Inv rC+ rN+ Int+6 Dex-5}
                  | (You found it on level 4 of the Dungeon)
  3872 | D:4      | Found a runed translucent door.
  3873 | D:4      | Noticed Crazy Yiuf
  3882 | D:4      | Killed Crazy Yiuf
  3887 | D:4      | Got a scorched mace
  3888 | D:4      | Identified the +5 mace "Plog" {holy, Str+2 Stlth+} (You
                  | found it on level 4 of the Dungeon)
  4402 | D:4      | Found an ancient bone altar of Kikubaaqudgha.
  4465 | D:4      | Found a staircase to the Ecumenical Temple.
  4473 | Temple   | Entered the Ecumenical Temple
  4483 | Temple   | Became a worshipper of Yredelemnul the Dark
  4687 | D:4      | Noticed Sigmund
  4692 | D:4      | Killed Sigmund
  4692 | D:4      | Reached skill level 5 in Long Blades
  4692 | D:4      | Gained mutation: You have sharp fingernails. [demonic
                  | ancestry]
  4692 | D:4      | Reached XP level 7. HP: 44/55 MP: 5/7
  4776 | D:4      | Noticed Edmund
  4780 | D:4      | Killed Edmund
  5001 | D:5      | Entered Level 5 of the Dungeon
  5066 | D:5      | Reached skill level 5 in Fighting
  5887 | D:5      | Reached skill level 6 in Long Blades
  5888 | D:5      | Reached skill level 1 in Invocations
  6024 | D:6      | Reached * piety under Yredelemnul
  6125 | D:6      | Gained mutation: You are partially covered in icy blue
                  | scales. (AC +2) [demonic ancestry]
  6125 | D:6      | Reached XP level 8. HP: 63/63 MP: 7/9
  6184 | D:6      | Reached skill level 5 in Armour
  6737 | D:7      | Reached skill level 7 in Long Blades
  7305 | D:7      | Reached XP level 9. HP: 70/70 MP: 12/12
  7349 | D:7      | Reached ** piety under Yredelemnul
  7688 | D:8      | Found a sparkling altar of Nemelex Xobeh.
  7691 | D:8      | Reached skill level 8 in Long Blades
  7691 | D:8      | Reached skill level 5 in Invocations
  8239 | D:8      | Got a dazzling war axe
  8240 | D:8      | Identified the cursed +1 war axe of Peace {vorpal, Fragile
                  | rElec SInv} (You found it on level 8 of the Dungeon)
  8607 | D:9      | Identified the +4 ring mail of Untruth {Int+4 Dex+7}
  8622 | D:9      | Reached *** piety under Yredelemnul
  8655 | D:9      | Killed an unseen horror
  8655 | D:9      | Reached skill level 9 in Long Blades
  8655 | D:9      | Gained mutation: You are mostly covered in icy blue scales.
                  | (AC +3) [demonic ancestry]
  8655 | D:9      | Reached XP level 10. HP: 72/79 MP: 13/15
  8714 | D:9      | Noticed a two-headed ogre
  8720 | D:9      | Killed a two-headed ogre
  8755 | D:9      | Noticed a cyclops
  8759 | D:9      | Killed a cyclops
  8848 | D:9      | Received a gift from Yredelemnul (3 flying skulls)
  9264 | D:9      | Reached skill level 10 in Long Blades
  9397 | D:9      | Found a staircase to the Lair.
  9489 | D:10     | Entered Level 10 of the Dungeon
  9552 | D:10     | Reached XP level 11. HP: 64/87 MP: 17/17
  9564 | D:10     | Reached **** piety under Yredelemnul
  9711 | D:10     | Killed an unseen horror
  9724 | D:10     | Noticed a five-headed hydra
  9732 | D:10     | Killed a five-headed hydra
 10005 | D:10     | Killed an unseen horror
 10009 | D:10     | Received a gift from Yredelemnul (3 flying skulls)
 10584 | D:11     | Found Etzel's Jewellery Emporium.
 10593 | D:11     | Found a gate leading to a gauntlet.
 10603 | Gauntlet | Entered a Gauntlet
 10603 | Gauntlet | Found a transporter.
 10612 | Gauntlet | Noticed an oklob plant
 10613 | Gauntlet | Found a transporter.
 10615 | Gauntlet | Found a transporter.
 10621 | Gauntlet | Noticed a wizard
 10622 | Gauntlet | Found a transporter.
 10637 | Gauntlet | Found a transporter.
 10642 | Gauntlet | Found a transporter.
 10659 | Gauntlet | Found a transporter.
 10667 | Gauntlet | Noticed a death ooze
 10676 | Gauntlet | Found a transporter.
 10680 | Gauntlet | Noticed a fire crab
 10687 | Gauntlet | Noticed a fire crab
 10688 | Gauntlet | Found a transporter.
 10693 | Gauntlet | Found a transporter.
 10711 | Gauntlet | Found a transporter.
 10711 | Gauntlet | Noticed an orange crystal statue
 10716 | Gauntlet | Found a transporter.
 10740 | Gauntlet | Found a transporter.
 10740 | Gauntlet | Noticed a hell beast
 10747 | Gauntlet | Found a transporter.
 10747 | Gauntlet | Found a transporter.
 10768 | Gauntlet | Found a transporter.
 10768 | Gauntlet | Noticed an obsidian statue
 10773 | Gauntlet | Found a transporter.
 10957 | Gauntlet | Found a transporter.
 10969 | Gauntlet | Noticed an orb spider
 10969 | Gauntlet | a meliai changed into an orb spider
 10972 | Gauntlet | Noticed a harpy
 10972 | Gauntlet | an orb spider changed into a harpy
 10975 | Gauntlet | Noticed an orb spider
 10975 | Gauntlet | a harpy changed into an orb spider
 10981 | Gauntlet | Noticed a harpy
 10981 | Gauntlet | an orb spider changed into a harpy
 11106 | Gauntlet | Killed an oklob plant
 11106 | Gauntlet | Reached skill level 11 in Long Blades
 11227 | Gauntlet | Noticed an orb spider
 11250 | Gauntlet | Killed an unseen horror
 11250 | Gauntlet | Killed an orb spider
 11282 | Gauntlet | Got a scorched helmet
 11300 | Gauntlet | Slain by a hell beast

Illustrated notes

Levels and vault maps discovered:
D:1:      dpeg_chamrin_arrival_tetris, layout_basic, interstate_on_off,
          hangedman_abyss_or_decor_stabs
D:2:      layout_basic, first_ration
D:3:      layout_loops_cross, gup_sewer_entry_bowl
D:4:      layout_basic, lemuel_zombie_altar_kikubaaqudgha,
          minmay_temple_entry_arrows, sigmund_edmund_badplayer, uniq_edmund,
          uniq_crazy_yiuf_cottage
D:5:      layout_layer_cave, kennysheep_generic_room_6
D:6:      layout_cave_pools, grunt_ministairs_4, due_unseen_surprise
D:7:      layout_cave_pods, grunt_livestock, nrook_campfire
D:8:      layout_basic, basic_altar
D:9:      layout_rooms, david_lair_shrubbed, special_room [special_room_kobold]
D:10:     layout_long_grid
D:11:     layout_roguey, gauntlet_entry_generic, enter_bailey_3, basic_altar,
          serial_shops, nicolae_shop_window_shopping
Temple:   nicolae_temple_the_god_donut
Gauntlet: gammafunk_gauntlet_one_two_three [nicolae_gauntlet_arena_x,
          nicolae_gauntlet_arena_quarters,
          gammafunk_gauntlet_arena_split_diamond,
          gammafunk_gauntlet_arena_teeth, gammafunk_gauntlet_arena_corners,
          gammafunk_gauntlet_arena_chambers,
          nicolae_gauntlet_arena_flowing_pool, nicolae_gauntlet_arena_t_cross,
          gammafunk_gauntlet_arena_crates, gauntlet_exit_green]

Skill      XL: |  1  2  3  4  5  6  7  8  9 10 11 |
---------------+----------------------------------+-----
Long Blades    | 2 3 4 5 6 7 9 10 11 | 11.1
Armour         | 3 4 5 6 7 8 |  8.4
Fighting       | 4 5 6 7 8 9 |  9.2
Invocations    | 1 4 6 8 9 |  9.5
Shields        | |  2.6

Action                   |  1- 3 |  4- 6 |  7- 9 | 10-12 || total
-------------------------+-------+-------+-------+-------++-------
Melee: Long sword        |    93 |   147 |   259 |   314 ||   813
Throw: Javelin           |       |       |       |     2 ||     2
Invok: Animate Dead      |       |       |       |     6 ||     6
Evoke: Wand              |       |       |       |     2 ||     2
  Use: Scroll            |     3 |     6 |     3 |     6 ||    18
       Potion            |       |     1 |       |     2 ||     3
 Stab: Distracted        |       |       |       |     1 ||     1
  Eat: Chunk             |     3 |     9 |    15 |     9 ||    36
Armor: Scale mail        |    63 |    63 |   122 |       ||   248
       Plate armour      |       |       |    18 |   176 ||   194
Dodge: Dodged            |    20 |    41 |    73 |    44 ||   178
Block: Kite shield       |    56 |    71 |   127 |   127 ||   381
       Rpst.: Long sword |     7 |    12 |    19 |     8 ||    46
